 Dungeon Crawl Stone Soup version 0.19-GnollCrawlA-1-g03664ee (webtiles) character file.

191 bananaken the Skirmisher (level 1, 0/19 HPs)
             Began as a Centaur Chaos Knight on Feb 9, 2017.
             Succumbed to a killer bee's poison
             ... on level 1 of the Dungeon.
             The game lasted 00:06:01 (1421 turns).

bananaken the Skirmisher (Centaur Chaos Knight)     Turns: 1421, Time: 00:06:02

Health: 0/19       AC:  9    Str: 12 (14) XL:     1   Next: 0%
Magic:  1/1        EV:  9    Int:  8 (11) God:    Xom [...*..]
Gold:   15         SH:  0    Dex:  5 (8)  Spells: 0 memorised, 0 levels left

rFire  . . .     SeeInvis .     a - +0 spear (chaos)
rCold  . . .     Gourm    .     b - +2 leather armour
rNeg   . . .     Faith    .     (no shield)
rPois  .         Spirit   .     (no helmet)
rElec  .         Dismiss  .     (no cloak)
rCorr  .         Reflect  .     l - +2 pair of gloves
SustAt .         Harm     .     (no barding)
MR     .....                    (no amulet)
Stlth  ..........               (no ring)
                                (no ring)

@: lethally poisoned (0 -> -5), exhausted, cleaving, slowed
A: hooves 3, deformed body, speed 2, tough skin 3
a: Renounce Religion


You were on level 1 of the Dungeon.
You worshipped Xom.
You were a favourite toy of Xom.
You were not hungry.

You visited 1 branch of the dungeon, and saw 1 of its levels.

You collected 15 gold pieces.

Inventory:

Hand Weapons
 a - a +0 spear of chaos (weapon)
Armour
 b - a +2 leather armour (worn)
 e - a +0 pair of gloves
 l - a +2 pair of gloves (worn)
Scrolls
 d - a scroll of remove curse
 h - a scroll of identify {unknown}
 j - a scroll of teleportation {unknown}
Comestibles
 c - 3 bread rations
 f - a beef jerky


   Skills:
 + Level 3.0 Fighting
 + Level 2.6 Polearms
 + Level 1.3 Armour
 + Level 0.6 Dodging


You couldn't memorise any spells.
You didn't know any spells.

Dungeon Overview and Level Annotations

Branches:
Dungeon (1/15)
 Temple: D:1-2

Altars:


Innate Abilities, Weirdness & Mutations

You have hooves in place of feet.
Armour fits poorly on your strangely shaped body.
You cover ground very quickly.
You have extremely tough skin. (AC +3)


Message History

Xom does a drum roll.
You are now a favourite toy of Xom.
The gnoll bee stings you.
* * * LOW HITPOINT WARNING * * *
You are lethally poisoned!
The killer bee poisons you! The killer bee stings you.
* * * LOW HITPOINT WARNING * * *
You closely miss the killer bee.
* * * LOW HITPOINT WARNING * * *
You feel sick. The killer bee barely gnolls you.
You barely miss the gnoll bee. The killer bee barely misses you.
You feel a strong urge to attack something.
You are no longer berserk.
You are exhausted.
You feel yourself slow down.
Unknown command.
You aren't carrying any potions.
As you read the scroll labeled ESKOJU ITHRIOR, it crumbles to dust.
You feel gnoll for a moment.
It was a scroll of remove curse.
You die...
Xom cackles wildly!

..)...# #...# #....#.##.....#
......# #...#####....#.##.....#
.####.# #...#........#..'.....#
.# ##.####...#.###....####.....#
.###...........##..............##
.......#####.####...........)....
.......# ###...###...#####.....##
.......###.............###.......
.........#..)...@y.....#.........
............###...###....####....
))..........#......<#....# #....
.(..........#.......#...## #).g.
.........#..)..........## #....
.........#......#......# ###....
.........#.....).......## #......
########....#.......#...# #......
#....#>......#"..###......


You could see a killer bee.

Vanquished Creatures
  19 gnolls (D:1)
  A dart slug (D:1)
20 creatures vanquished.

Notes
Turn   | Place    | Note
-------+----------+-------------------------------------------
     0 | D:1      | bananaken the Centaur Chaos Knight began the quest for the Orb.
     0 | D:1      | Reached XP level 1. HP: 19/19 MP: 1/1
    47 | D:1      | XOM: potion effect (invisibility)
   171 | D:1      | XOM: 1-stop teleportation journey
   176 | D:1      | XOM is BORED!
   176 | D:1      | XOM: confusion (+ monsters)
   205 | D:1      | XOM: enchant monster (bad)
   224 | D:1      | XOM: noise
   245 | D:1      | XOM: summons friendly gnoll
   258 | D:1      | XOM: confuse monster(s)
   582 | D:1      | XOM: cleaving
   612 | D:1      | XOM: cloud trail
   718 | D:1      | XOM: confuse monster(s)
  1048 | D:1      | XOM: cast spell 'Necromutation'
  1113 | D:1      | XOM: cast spell 'Summon Small Mammal'
  1180 | D:1      | XOM: confuse monster(s)
  1400 | D:1      | XOM: enchant monster (good)
  1402 | D:1      | Noticed a killer bee
  1402 | D:1      | a gnoll changed into a killer bee
  1416 | D:1      | XOM: noise
  1417 | D:1      | HP: 1/28 [poisoned by a killer bee]
  1421 | D:1      | Succumbed to a killer bee's poison

Action                   || total
-------------------------++-------
Melee: Spear             ||   145
       Kick              ||    10
  Use: Potion            ||     4
       Scroll            ||     1
 Stab: Petrified         ||     6
       Invisible         ||     4
       Confused          ||     1
Armor: Leather armour    ||    25
Dodge: Dodged            ||    27
